Map: New Repugnancy LE

Players

Keen

  • Race: Terran Terran
  • Spawn Location: 7:00

Ragnarok (SHIN) - Winner!

  • Race: Zerg Zerg
  • Spawn Location: 1:00

Event: IEM Season 13: Katowice (2019)

VOD

Have the link to the VOD?

Description

Time

  • Played on: Feb. 25, 2019, 7:21 a.m.
  • Length: 16:55

All games in this series

Show
View Real Time Build Order
Export as new Build Order

Keen Terran 

Build Orders: Gas First Reaper Expand, Liberator Opening 

Get SALT Encoding   

  12  0:00  SCV  
  13  0:12  SCV  
  14  0:17  Supply Depot  
  14  0:24  SCV  
  14  0:28  Refinery  
  15  0:38  SCV  
  16  0:44  Barracks  
  16  0:50  SCV  
  17  1:02  SCV  
  18  1:15  SCV  
  19  1:31  Orbital Command  
  19  1:32  Reaper  
  20  1:43  Command Center  
  20  1:57  Factory  
  20  1:58  SCV  
  21  2:06  Barracks Reactor  
  21  2:10  SCV  
  21  2:14  Supply Depot  
  22  2:18  Refinery  
  22  2:22  SCV  
  23  2:36  SCV  
  24  2:43  Starport  
  24  2:48  SCV  
  24  2:49  Hellion x2  
  29  2:58  Orbital Command  
  29  3:00  SCV  
  30  3:09  Liberator  
  30  3:11  Hellion  
  30  3:12  SCV  
  33  3:15  Hellion  
  38  3:27  SCV  
  38  3:31  SCV  
  40  3:38  Hellion x2  
  40  3:42  SCV  
  40  3:43  Supply Depot  
  40  3:44  Barracks Tech Lab  
  40  3:45  SCV  
  42  3:50  Supply Depot  
  42  3:55  SCV  
  43  3:57  SCV  
  43  3:59  Liberator, Hellion  
  46  4:04  Stimpack, Hellion  
  46  4:07  SCV  
  46  4:09  SCV  
  50  4:13  Supply Depot  
  53  4:20  SCV  
  53  4:21  SCV  
  55  4:28  Marine  
  56  4:38  SCV  
  53  4:46  Marine  
  53  4:49  SCV, Command Center  
  53  4:51  Barracks  
  53  4:52  SCV, Factory Reactor  
  56  4:53  Barracks  
  56  5:02  SCV  
  56  5:04  SCV  
  58  5:07  Engineering Bay x2  
  55  5:16  SCV  
  55  5:17  Refinery x2  
  55  5:20  Marine  
  50  5:22  Starport Reactor  
  50  5:23  SCV  
  50  5:24  Barracks  
  50  5:25  Barracks  
  51  5:28  SCV  
  51  5:33  Supply Depot  
  51  5:34  Supply Depot  
  51  5:35  Terran Infantry Weapons Level 1  
  50  5:37  SCV  
  50  5:39  Terran Infantry Armor Level 1  
  50  5:42  SCV  
  52  5:43  Factory Tech Lab  
  52  5:49  SCV  
  53  5:50  Marine x4  
  53  5:54  SCV  
  58  6:00  Medivac x2  
  58  6:01  SCV  
  63  6:05  Orbital Command  
  63  6:07  Combat Shield  
  63  6:10  Marine x2  
  65  6:12  Marine  
  65  6:15  Barracks Reactor  
  65  6:16  Barracks Reactor  
  66  6:19  Siege Tank  
  66  6:20  SCV  
  66  6:21  SCV  
  66  6:23  Marine x2  
  73  6:28  Marine x2  
  73  6:32  Supply Depot  
  75  6:34  Marine  
  75  6:36  SCV x2  
  78  6:40  Marine  
  78  6:41  Marine, Medivac x2  
  78  6:43  Orbital Command  
  78  6:46  Marine x2  
  86  6:51  SCV x2  
  86  6:52  Marine, Siege Tank  
  92  6:57  Marine  
  92  6:58  Marine x4  
  97  7:03  SCV  
  97  7:04  SCV  
  97  7:09  Armory  
  97  7:12  SCV  
  97  7:13  Medivac x2  
  101  7:16  SCV x2  
  102  7:23  Refinery  
  102  7:24  SCV  
  102  7:25  Refinery  
  102  7:27  Supply Depot  
  102  7:28  Supply Depot, Siege Tank, SCV x2  
  108  7:40  Marine, Supply Depot  
  108  7:41  Supply Depot  
  109  7:49  Factory, SCV x3, Marine  
  113  7:56  Terran Infantry Weapons Level 2  
  113  7:58  Terran Infantry Armor Level 2  
  113  8:01  Supply Depot, SCV  
  113  8:02  Missile Turret  
  113  8:03  Missile Turret x2  
  113  8:04  Marine x2  
  103  8:09  Marine x4  
  105  8:13  SCV x2  
  105  8:18  SCV  
  105  8:19  Marine x3  
  111  8:22  Marine x2  
  111  8:25  SCV  
  111  8:26  Marine  
  114  8:27  Marine x2  
  114  8:31  Thor  
  114  8:34  Terran Vehicle Weapons Level 1  
  122  8:35  Supply Depot  
  122  8:39  Factory Tech Lab  
  122  8:42  Drilling Claws, Factory Reactor  
  122  8:43  Supply Depot  
  122  8:44  Marine x4, Supply Depot  
  122  8:47  SCV x2  
  128  8:58  Marine x2  
  128  8:59  Marine  
  131  9:06  Command Center  
  131  9:07  Marine  
  131  9:08  Marine x3, Concussive Shells  
  131  9:09  Marauder  
  137  9:20  Marine x2  
  137  9:23  Thor  
  141  9:24  Widow Mine x2  
  141  9:31  Barracks x2  
  143  9:32  Marine, Marauder, Sensor Tower  
  143  9:38  Marine  
  146  9:43  Supply Depot x2  
  146  9:45  Marine x6  
  152  9:54  Widow Mine x2  
  152  9:57  Marauder  
  158  10:01  Marine  
  133  10:15  Marine x2  
  133  10:19  Marine  
  133  10:21  Marine x2  
  111  10:23  Marine  
  111  10:24  Marine  
  111  10:25  Marine  
  111  10:26  Marine x3  
  108  10:32  Terran Infantry Weapons Level 3, Terran Infantry Armor Level 3  
  108  10:33  Marine x2  
  108  10:34  Widow Mine x3  
  116  10:37  Marine  
  116  10:39  Marine x2  
  116  10:40  Sensor Tower, Missile Turret, Medivac, Marine  
  116  10:41  Marine  
  123  10:43  Marine  
  123  10:44  Marauder  
  123  10:48  Barracks Tech Lab, Barracks  
  123  10:49  Barracks Tech Lab  
  126  10:55  Widow Mine x2, SCV x3  
  133  10:59  Planetary Fortress  
  133  11:02  Thor  
  139  11:05  Marauder  
  139  11:06  Marauder  
  139  11:08  Missile Turret  
  139  11:09  Marine x3  
  146  11:17  Widow Mine x2  
  150  11:20  Marine, Marauder  
  150  11:24  Marine x2  
  155  11:27  Marauder  
  155  11:32  Marine x2, Sensor Tower  
  154  11:41  Marine  
  154  11:42  Marauder  
  137  11:50  Marine  
  136  11:58  Widow Mine x2  
  136  11:59  Marine x4  
  136  12:00  Marauder x2  
  141  12:02  Marine  
  132  12:11  Marine, Marauder  
  132  12:13  Marine x2  
  137  12:17  Marine x2  
  137  12:18  Marine x2  
  141  12:32  Marine x6  
  147  12:37  Marine x2  
  147  12:38  Marine x2  
  147  12:40  Widow Mine  
  147  12:42  Command Center  
  153  12:48  Marine  
  153  12:49  Marine  
  153  12:50  Marine x3  
  152  12:55  Marauder, Missile Turret  
  152  12:57  Marine x2, Marauder  
  158  13:01  Widow Mine x2  
  158  13:04  Marine x2  
  158  13:05  Marine x2  
  166  13:13  Marine  
  166  13:14  Marine  
  166  13:19  Marine x2, Marauder  
  172  13:21  Marine x2  
  172  13:25  Widow Mine x2  
  172  13:26  Medivac  
  172  13:27  Medivac  
  172  13:30  Marine x2  
  172  13:31  Marine  
  175  13:35  Marine x2, Marauder  
  175  13:36  Marine  
  175  13:37  Marine  
  175  13:39  Thor  
  182  13:43  Marine x2  
  182  13:46  Marine  
  182  13:47  Marine  
  186  13:56  Medivac  
  186  14:01  Widow Mine x2  
  191  14:03  Marine x2, Marauder  
  191  14:04  Marine  
  191  14:05  Marine x2  
  191  14:06  Marine x2  
  200  14:20  Planetary Fortress  
  192  14:38  Marine  
  192  14:39  Marine  
  192  14:43  Marine x3  
  192  14:44  Marauder  
  191  14:46  Marine x2  
  191  14:47  Marine  
  191  14:48  Marine  
  191  14:49  Marine  
  191  14:50  Marine  
  191  14:52  Thor  
  199  14:54  Viking  
  199  14:56  Marine  
  199  14:58  Starport x2  
  181  15:09  Marine  
  181  15:12  Marine x2  
  179  15:19  Viking  
  153  15:23  Marine  
  153  15:24  Marine x2, Viking  
  153  15:26  Marine  
  151  15:33  Marine x8  
  144  15:41  Marine  
  141  15:44  Viking x2  
  141  15:45  Widow Mine  
  141  15:46  Widow Mine  
  141  15:48  Widow Mine  
  151  15:55  Viking x2  
  149  15:59  Marine x3  
  149  16:02  Marine x2  
  154  16:07  Widow Mine  
  154  16:09  Marine  
  140  16:14  Viking x2  
  140  16:15  Marine  
  140  16:16  Marine x3  
  140  16:17  Marine  
  118  16:25  Viking x2  
  113  16:31  Marine  
  113  16:32  Marine x6  
Show
View Real Time Build Order
Export as new Build Order

Ragnarok Zerg - Winner!

Build Orders: Hatch First, Muta Ling Bane 

Get SALT Encoding   

  12  0:00  Drone  
  13  0:12  Overlord  
  13  0:17  Drone  
  14  0:31  Drone x2  
  14  0:35  Drone  
  17  0:52  Hatchery  
  17  0:55  Drone  
  17  0:58  Drone  
  18  1:09  Extractor  
  17  1:13  Spawning Pool  
  17  1:16  Drone  
  17  1:20  Drone  
  18  1:29  Drone  
  19  1:42  Drone  
  20  2:00  Zergling x4  
  22  2:03  Queen x2  
  22  2:04  Drone  
  27  2:09  Metabolic Boost  
  27  2:14  Drone  
  28  2:18  Overlord  
  28  2:30  Hatchery  
  28  2:35  Drone  
  28  2:37  Drone x2  
  30  2:44  Queen  
  30  2:51  Overlord  
  32  2:53  Drone  
  32  2:56  Drone  
  34  3:00  Drone  
  34  3:01  Drone  
  36  3:12  Drone x2  
  38  3:13  Drone x3  
  38  3:18  Overlord  
  41  3:20  Drone  
  41  3:26  Queen  
  44  3:39  Drone x2  
  43  3:44  Lair  
  43  3:46  Drone x3  
  46  3:50  Queen  
  46  3:54  Drone  
  46  3:55  Drone  
  50  3:58  Drone  
  50  3:59  Spore Crawler  
  50  4:04  Queen  
  50  4:09  Zergling x4  
  55  4:10  Zergling x2  
  55  4:12  Zergling x4  
  55  4:16  Spore Crawler  
  56  4:17  Drone  
  56  4:23  Drone  
  56  4:24  Overlord, Spore Crawler  
  57  4:27  Extractor  
  57  4:28  Zergling x2  
  57  4:30  Drone  
  58  4:37  Drone x3  
  56  4:40  Drone x3  
  56  4:43  Zergling x4  
  56  4:44  Zergling x2  
  56  4:45  Drone x2  
  63  4:49  Drone x2  
  65  4:53  Drone  
  65  4:54  Baneling Nest  
  65  4:55  Drone  
  66  5:03  Overlord  
  66  5:04  Overlord  
  66  5:05  Drone  
  64  5:09  Drone x2  
  64  5:10  Drone x2  
  65  5:14  Overlord  
  64  5:21  Evolution Chamber, Drone  
  64  5:22  Drone x4  
  64  5:25  Drone x2  
  64  5:26  Drone  
  70  5:31  Overlord  
  70  5:32  Drone, Evolution Chamber  
  70  5:38  Extractor  
  70  5:39  Centrifical Hooks  
  70  5:40  Drone, Extractor  
  70  5:41  Drone  
  70  5:42  Drone  
  71  5:48  Drone x3, Zerg Ground Armor Level 1  
  74  5:55  Drone x3  
  76  5:58  Zerg Melee Weapons Level 1  
  76  6:00  Extractor x2  
  76  6:01  Drone x4  
  76  6:02  Drone  
  79  6:11  Drone, Spire  
  78  6:13  Zergling x6  
  82  6:18  Hatchery  
  82  6:24  Overlord  
  81  6:28  Zergling x10  
  81  6:29  Zergling x2  
  87  6:35  Overlord  
  87  6:38  Zergling x6  
  90  6:43  Overlord  
  90  6:45  Zergling x6  
  90  6:46  Zergling x6  
  96  6:50  Zergling x4  
  98  6:54  Baneling  
  98  6:55  Baneling x4  
  98  6:56  Baneling x4  
  98  7:00  Overlord x2  
  97  7:02  Zergling x2  
  97  7:03  Zergling x8  
  101  7:12  Overlord  
  100  7:22  Mutalisk  
  99  7:23  Mutalisk x6  
  99  7:24  Mutalisk x2  
  99  7:26  Drone x3  
  120  7:34  Drone, Zerg Flyer Weapons Level 1  
  120  7:35  Drone x4  
  125  7:38  Overlord  
  125  7:45  Zerg Ground Armor Level 2  
  125  7:47  Drone  
  125  7:48  Drone x5  
  131  8:01  Mutalisk x3  
  131  8:03  Zergling x4  
  131  8:04  Zergling x12  
  143  8:11  Zerg Melee Weapons Level 2  
  143  8:12  Overlord x3  
  143  8:13  Overlord  
  143  8:17  Overlord x2  
  143  8:23  Overlord  
  143  8:32  Zergling x22  
  154  8:34  Baneling x3  
  154  8:35  Baneling x3  
  154  8:40  Mutalisk x2, Overlord  
  158  8:44  Mutalisk x2, Drone  
  158  8:46  Spore Crawler, Zergling x4  
  160  8:55  Mutalisk  
  160  8:57  Hatchery  
  160  8:58  Zergling x10  
  160  9:02  Baneling x3  
  166  9:03  Baneling x4, Zergling x2  
  166  9:04  Zergling x4  
  170  9:10  Zergling x10  
  170  9:13  Zergling x4  
  170  9:15  Baneling x7  
  176  9:22  Zergling x14  
  178  9:29  Zergling x12  
  184  9:34  Infestation Pit  
  184  9:37  Baneling x12  
  183  9:40  Zergling x6  
  183  9:43  Zergling x2  
  183  9:44  Zergling x2  
  188  9:49  Baneling x4  
  188  9:50  Baneling x4  
  188  9:51  Zergling x2  
  188  9:52  Zergling x4  
  191  9:56  Zergling x2  
  191  9:58  Zergling x6  
  195  10:02  Zergling x4  
  184  10:09  Zergling x20  
  184  10:10  Zergling x2  
  179  10:15  Zergling x4  
  148  10:23  Mutalisk x4  
  148  10:25  Mutalisk  
  148  10:27  Zergling x4  
  145  10:28  Mutalisk  
  145  10:30  Zergling x4  
  148  10:35  Zergling x2  
  148  10:36  Zergling x18  
  157  10:44  Drone x4  
  157  10:46  Baneling x13  
  157  10:47  Zergling x2  
  157  10:48  Zergling x2  
  163  10:52  Zergling x2  
  163  10:53  Baneling, Zergling x2  
  163  10:54  Baneling x4  
  163  10:55  Zergling x6  
  163  10:56  Zergling x2  
  169  10:58  Zergling x2  
  169  11:01  Zergling x4  
  169  11:03  Baneling x6  
  172  11:05  Zergling x2  
  172  11:06  Zergling x14  
  180  11:12  Baneling  
  180  11:14  Baneling x6  
  180  11:15  Zergling x6  
  180  11:17  Baneling, Zergling x6  
  180  11:18  Baneling  
  186  11:19  Zergling x2  
  186  11:20  Overseer  
  186  11:22  Zergling x2  
  186  11:24  Zergling x2  
  186  11:25  Zergling x12  
  195  11:32  Zergling x8  
  199  11:36  Baneling x9  
  199  11:37  Baneling  
  197  11:41  Zergling x8  
  197  11:42  Zergling x10  
  178  11:47  Zergling x2  
  178  11:48  Zergling x2  
  178  11:53  Hive  
  173  11:56  Mutalisk  
  173  11:57  Zergling x24  
  173  11:58  Pneumatized Carapace  
  168  12:07  Drone  
  168  12:08  Drone x7  
  163  12:10  Mutalisk  
  163  12:12  Drone  
  168  12:16  Mutalisk  
  168  12:17  Zergling x6  
  168  12:20  Zergling x4  
  168  12:22  Baneling x8  
  173  12:24  Zergling x2  
  173  12:25  Zergling x8  
  176  12:30  Drone x4  
  176  12:33  Baneling x7  
  176  12:34  Zergling x4  
  176  12:35  Extractor  
  179  12:40  Zergling x2  
  179  12:41  Zergling x2  
  179  12:42  Baneling x6  
  181  12:45  Zergling x2  
  181  12:46  Zergling x6  
  181  12:47  Hatchery  
  181  12:50  Overseer  
  184  12:51  Zergling x4  
  184  12:52  Zergling x8  
  190  13:02  Spore Crawler  
  190  13:03  Spine Crawler  
  186  13:13  Ultralisk Cavern, Greater Spire  
  186  13:17  Drone, Extractor  
  186  13:18  Drone x4  
  186  13:19  Drone x3  
  192  13:20  Drone x3, Extractor  
  192  13:22  Extractor  
  189  13:28  Corruptor x5  
  184  13:38  Corruptor  
  184  13:39  Corruptor  
  176  13:48  Drone x2  
  178  13:52  Spine Crawler  
  175  14:00  Zergling x20  
  183  14:05  Extractor  
  182  14:14  Hatchery  
  180  14:24  Hatchery  
  180  14:25  Brood Lord x7  
  180  14:29  Zergling x14  
  196  14:41  Zergling x20  
  196  14:42  Zergling x2  
  176  14:54  Zergling x2  
  176  14:55  Zergling x12  
  178  15:02  Zergling x16  
  178  15:04  Baneling x4  
  174  15:09  Zergling x10  
  174  15:12  Baneling x5  
  174  15:13  Baneling  
  177  15:18  Zergling x18  
  181  15:23  Mutalisk x2  
  181  15:24  Mutalisk  
  181  15:26  Mutalisk  
  186  15:30  Mutalisk  
  186  15:31  Zergling x4  
  186  15:33  Zergling x4  
  189  15:37  Zergling x8  
  189  15:42  Baneling x9  
  190  15:47  Zergling x4  
  190  15:48  Zergling x2  
  190  15:51  Zergling x6  
  190  15:52  Zergling x2  
  190  15:54  Zergling x4  
  190  15:57  Zergling x4  
  191  16:02  Zergling x4  
  191  16:03  Ultralisk Cavern  
  192  16:10  Zergling x8  
  192  16:11  Zergling x6  
  181  16:14  Zergling x4  
  167  16:18  Baneling x5  
  167  16:19  Baneling x10  
  167  16:20  Zergling x2  
  167  16:22  Zergling x4  
  167  16:23  Zergling x2  
  167  16:24  Baneling  
  167  16:25  Baneling x2, Zergling x2  
  165  16:26  Zergling x2  
  165  16:27  Zergling x2  
  165  16:30  Zergling x2  
  165  16:32  Zergling x4  
  165  16:33  Drone x5  
  165  16:37  Drone x4  

Tags
 
Add a new tag
Caveats
  • Supply blocks, unpowered buildings, or Contaminate may cause inaccurate times.
  • Supply counts are checked every 10 seconds.